 Dungeon Crawl Stone Soup version 0.29-a0-393-g47a863cc1b (webtiles) character file.

Game seed: 1666802314611163944

1899 domi the Conjurer (level 8, -8/78 HPs)
             Began as a Demonspawn Hedge Wizard on May 9, 2022.
             Was an Initiate of Gozag.
             Mangled by a gargoyle
             ... wielding a +0 mace
              (12 damage)
             ... on level 7 of the Dungeon.
             The game lasted 00:21:32 (8975 turns).

domi the Conjurer (Demonspawn Hedge Wizard)         Turns: 8975, Time: 00:21:33

Health: -8/78      AC: 28    Str: 11    XL:     8   Next: 93%
Magic:  9/12       EV:  2    Int: 17    God:    Gozag
Gold:   778        SH:  4    Dex: 13    Spells: 0/13 levels left

rFire   . . .      SeeInvis .   l - +1 dagger (drain)
rCold   + . .      Faith    .   (no shield)
rNeg    . . .      Spirit   .   (body armour currently unavailable)
rPois   +          Reflect  .   (helmet currently unavailable)
rElec   .          Harm     .   (cloak currently unavailable)
rCorr   .          Rampage  .   (gloves currently unavailable)
Will    .....      NoTele   +   (boots currently unavailable)
Stlth   ++........              (no amulet)
HPRegen 0.23/turn               i - ring of protection from cold {rC+}
MPRegen 0.13/turn               (no ring)

@: mighty, tree-form, very slightly contaminated
A: stationary, stasis, torment immunity, boosted hp, (slimy green scales 1),
icemail 1, condensation shield, demonic magic 1
a: Renounce Religion, Potion Petition, Call Merchant, Bribe Branch


You were on level 7 of the Dungeon.
You worshipped Gozag.
Gozag was pleased with you.
You were a tree.
You visited 2 branches of the dungeon, and saw 8 of its levels.

You collected 831 gold pieces.
You paid 53 gold pieces to Gozag.

Inventory:

Hand Weapons
 a - a +0 dagger
 l - a +1 dagger of draining (weapon)
   (You found it on level 1 of the Dungeon)
 m - a +3 dagger of speed
   (You took it off Jessica on level 2 of the Dungeon)
 p - a +3 dagger
   (You took it off an orc on level 3 of the Dungeon)
 r - a +2 dagger of venom
   (You took it off a kobold brigand on level 3 of the Dungeon)
Armour
 b - a +0 robe (melded)
 c - a +0 hat (melded)
 f - a +0 pair of boots
   (You found it on level 1 of the Dungeon)
 E - a +1 pair of boots (melded)
   (You found it on level 7 of the Dungeon)
Magical Staves
 v - a staff of conjuration {!a}
   (You found it on level 5 of the Dungeon)
 z - a staff of earth
   (You found it on level 3 of the Dungeon)
Jewellery
 i - a ring of protection from cold (left branch) {rC+}
   (You found it on level 1 of the Dungeon)
Wands
 s - a wand of iceblast (4)
   (You found it on level 6 of the Dungeon)
Scrolls
 e - 7 scrolls of identify {unknown}
 g - 3 scrolls of fog {unknown}
 h - 6 scrolls of teleportation {unknown}
 j - 2 scrolls of noise {unknown}
 n - a scroll of silence {unknown}
 o - a scroll of amnesia {unknown}
 t - 3 scrolls of vulnerability {unknown}
 u - 2 scrolls of immolation {unknown}
 y - 2 scrolls of fear {unknown}
 A - a scroll of poison {unknown}
 C - a scroll of blinking {unknown}
 D - a scroll of torment {unknown}
Potions
 q - 2 potions of lignification {!q!q}
 w - a potion of might
 x - a potion of flight
 B - a potion of haste {unknown}


   Skills:
 - Level 1.7 Dodging
 - Level 1.7 Stealth
 - Level 3.0 Spellcasting
 - Level 5.0 Conjurations
 - Level 5.0 Summonings
 + Level 4.5 Translocations
 - Level 5.0 Air Magic
 - Level 5.0 Poison Magic


You couldn't memorise any spells.
You knew the following spells:

 Your Spells              Type           Power      Damage    Failure   Level
b - Blink                 Tloc           36%        N/A       4%          2
c - Mephitic Cloud        Conj/Pois/Air  19%        N/A       7%          3
u - Flame Wave            Conj/Fire      11%        2d5       52%         4
x - Call Imp              Summ           19%        N/A       3%          2
y - Foxfire               Conj/Fire      44%        2x1d6     6%          1
z - Magic Dart            Conj           76%        1d6       2%          1

Your spell library contained the following spells:

 Spells                   Type           Power      Damage    Failure   Level
 Shock                    Conj/Air       76%        1d7       2%          1
 Swiftness                Air            19%        N/A       7%          3
 Gell's Gravitas          Tloc           18%        N/A       9%          3
 Lesser Beckoning         Tloc           18%        N/A       9%          3
 Teleport Other           Tloc           18%        N/A       9%          3
 Beastly Appendage        Tmut           4%         N/A       17%         1
 Slow                     Hex            8%         N/A       17%         1
 Conjure Flame            Conj/Fire      11%        6-21      19%         3
 Spider Form              Tmut/Pois      11%        N/A       19%         3
 Airstrike                Air            9%         N/A       22%         4
 Wereblood                Tmut           2%         N/A       26%         2
 Inner Flame              Hex/Fire       2%         N/A       45%         3


Dungeon Overview and Level Annotations

Branches:
Dungeon (7/15)             Temple (1/1) D:5

Altars:
Ashenzari
Cheibriados
Dithmenos
Elyvilon
Fedhas
Gozag
Kikubaaqudgha
Makhleb
Nemelex Xobeh
Okawaru
Qazlal
Trog
Uskayaw
Wu Jian
Xom
Yredelemnul
Zin
The Shining One

Shops:
D:5 =   D:6 *


Innate Abilities, Weirdness & Mutations

You are a tree.
Your roots penetrate the ground, keeping you stationary.
You cannot be teleported.
You are immune to unholy pain and torment.
Your maximum health is greatly increased.
Your equipment is partially melded.
((You are partially covered in slimy green scales. (AC +2)))
A meltable icy envelope protects you from harm. (AC +4)
A meltable shield of frost defends you. (SH +4)
Spells you cast may paralyse adjacent enemies.


Message History

The foxfire hits the gargoyle.
You feel a surge of power!
You conjure some foxfire!
Malevolent energies surge around you.
The foxfire hits the gargoyle.
The foxfire hits the gargoyle but does no damage. x2
You now have 4/12 mp.
You feel a surge of power!
You conjure some foxfire!
Malevolent energies surge around you.
You now have 3/12 mp.
You feel a surge of power!
You conjure some foxfire!
Malevolent energies surge around you.
The foxfire hits the gargoyle but does no damage. x2
The gargoyle hurls a stone arrow at you.
The stone arrow hits you.
You take 3 damage, and have 49/52 hp.
You now have 2/12 mp.
You feel a surge of power!
You conjure some foxfire!
Malevolent energies surge around you.
The foxfire hits the gargoyle but does no damage. x2
You block the gargoyle's attack.
The foxfire hits the gargoyle but does no damage.
You now have 1/12 mp.
You feel a surge of power!
You conjure some foxfire!
Malevolent energies surge around you.
The foxfire hits the gargoyle but does no damage. x2
The gargoyle hits you with a +0 mace!
You take 14 damage, and have 35/52 hp.
MASSIVE DAMAGE!!
You now have 0/12 mp.
The gargoyle attacks as you move away! The gargoyle misses you.
The foxfire hits the gargoyle but does no damage. x2
You don't have enough magic to cast this spell.
You hit the gargoyle but do no damage.
The gargoyle hurls a stone arrow at you.
The stone arrow hits you!
You take 12 damage, and have 23/52 hp.
MASSIVE DAMAGE!!
Magic courses through your body. The gargoyle barely misses you.
MP restored: 12
Okay, then.
Here: a gargoyle, wielding a +0 mace (heavily damaged) Item here: 18 gold pieces.
The floor, spattered with blood.
It was a potion of lignification.
You turn into a tree.
Your +0 hat melds into your body.
Your +1 pair of boots melds into your body.
Your +0 robe melds into your body.
Your roots penetrate the ground.
The gargoyle barely misses you.
You now have 35/78 hp.
You hit the gargoyle but do no damage.
The gargoyle hits you but does no damage.
You closely miss the gargoyle. You block the gargoyle's attack.
The gargoyle hits you but does no damage.
You hit the gargoyle but do no damage.
The gargoyle hits you but does no damage.
You sense an unholy aura.
l - a +1 dagger of draining (weapon)
You hit the gargoyle but do no damage.
The gargoyle hits you but does no damage.
You hit the gargoyle but do no damage. You block the gargoyle's attack.
You hit the gargoyle but do no damage.
The gargoyle hurls a stone arrow at you.
You block the stone arrow.
You hit the gargoyle but do no damage.
The gargoyle hurls a stone arrow at you.
The stone arrow hits you.
You take 5 damage, and have 31/78 hp.
You hit the gargoyle but do no damage.
The gargoyle hits you but does no damage.
You hit the gargoyle but do no damage. The gargoyle hits you with a +0 mace.
You take 5 damage, and have 26/78 hp.
Unknown command.
You miscast Foxfire.
You are very lightly contaminated with residual magic.
Nothing appears to happen.
You block the gargoyle's attack.
You now have 11/12 mp.
You conjure some foxfire!
Malevolent energies surge around you.
The gargoyle hits you but does no damage.
You now have 10/12 mp.
You conjure some foxfire!
Malevolent energies surge around you.
The foxfire hits the gargoyle but does no damage. x2
The gargoyle hurls a stone arrow at you.
The stone arrow hits you!
* * * LOW HITPOINT WARNING * * *
You take 9 damage, and have 17/78 hp.
You now have 9/12 mp.
Okay, then.
It was a potion of flight.
Your roots keep you in place.
The foxfire hits the gargoyle but does no damage. x2
The gargoyle hits you but does no damage.
It was a potion of might.
You feel very mighty all of a sudden.
The gargoyle hits you but does no damage.
You hit the gargoyle but do no damage.
The gargoyle hurls a stone arrow at you.
The stone arrow hits you!
* * * LOW HITPOINT WARNING * * *
You take 14 damage, and have 3/78 hp.
Okay, then.
Okay, then.
You hit the gargoyle. The gargoyle hits you with a +0 mace!
You die...
Your body crumbles into a pile of gold.

#### ..# ... #.# ###
##### #.#... #....
#####.#.# ...#
#.......#####.#.##
#.###.###...♣....# #.#
#.##...9.....# #.#
#...............
.####.###.#...####......
..........##..# ......
#####.######..# ..#.#.
#.# ..§.. #### #.#
#.#..$$ $ # #.# #.#..##.


You could see a gargoyle.

Vanquished Creatures
  Maggie (D:7)
  Sigmund (D:4)
  An orc warrior (D:6)
  Pargi (D:4)
  An ogre (D:6)
  A centaur (D:6)
  2 kobold brigands (D:3)
  A bullfrog (D:6)
  2 necrophages
  A scorpion (D:5)
  A howler monkey (D:7)
  3 hounds
  2 jellies
  3 orc priests
  Terence (D:2)
  3 iguanas
  2 orc wizards (D:6)
  8 adders
  6 gnolls
  3 white imps
  2 dart slugs
  10 orcs
  4 ball pythons
  3 bats
  7 endoplasms
  5 giant cockroaches
  3 goblins
  10 hobgoblins
  4 jackals (D:3)
  5 quokkas
  2 frilled lizards
  15 kobolds
  4 rats
118 creatures vanquished.

Vanquished Creatures (collateral kills)
  A hound (D:5)
  Jessica (D:2)
  An iguana (D:6)
  An adder (D:6)
  An orc (D:6)
5 creatures vanquished.

Vanquished Creatures (others)
  223 foxfires
223 creatures vanquished.

Grand Total: 346 creatures vanquished

Notes
Turn   | Place    | Note
-------+----------+-------------------------------------------
     0 | D:1      | domi the Demonspawn Hedge Wizard began the quest for the
                  | Orb.
     0 | D:1      | Reached XP level 1. HP: 13/13 MP: 4/4
   223 | D:1      | Found a faded altar of an unknown god.
   318 | D:1      | Reached skill level 2 in Conjurations
   337 | D:1      | Gained mutation: Spells you cast may paralyse adjacent
                  | enemies. [demonic ancestry]
   337 | D:1      | Reached XP level 2. HP: 12/19 MP: 3/6
  1082 | D:2      | Noticed Jessica
  1096 | D:1      | Learned a level 2 spell: Call Imp
  1099 | D:1      | Learned a level 2 spell: Blink
  1211 | D:2      | Killed Jessica
  1212 | D:2      | Reached skill level 3 in Conjurations
  1212 | D:2      | Reached XP level 3. HP: 7/24 MP: 1/7
  2024 | D:2      | Reached skill level 4 in Conjurations
  2024 | D:2      | Reached XP level 4. HP: 30/30 MP: 3/8
  2098 | D:2      | Learned a level 3 spell: Mephitic Cloud
  2434 | D:2      | Noticed Terence
  2445 | D:2      | Killed Terence
  2708 | D:3      | Noticed a kobold brigand
  3218 | D:3      | Gained mutation: A meltable shield of frost defends you.
                  | (SH +4) [demonic ancestry]
  3218 | D:3      | Reached XP level 5. HP: 33/35 MP: 3/9
  3259 | D:3      | HP: 8/35 [poisoned by a kobold brigand]
  3262 | D:3      | HP: 2/35 [kobold brigand/+2 dagger of venom (5)]
  3268 | D:3      | Reached skill level 5 in Conjurations
  3268 | D:3      | Reached skill level 2 in Summonings
  3427 | D:3      | You fall into a shaft and drop 2 floors!
  3427 | D:5      | Entered Level 5 of the Dungeon
  3427 | D:5      | Found a staircase to the Ecumenical Temple.
  3432 | D:5      | Reached skill level 3 in Summonings
  3436 | Temple   | Entered the Ecumenical Temple
  3438 | Temple   | HP: 7/35 [white imp/puff of frost (8)]
  3450 | Temple   | Gained mutation: You are partially covered in slimy green
                  | scales. (AC +2) [demonic ancestry]
  3450 | Temple   | Reached XP level 6. HP: 32/41 MP: 1/10
  3524 | Temple   | Learned a level 1 spell: Foxfire
  3563 | Temple   | Became a worshipper of Gozag Ym Sagoz the Greedy
  3689 | D:5      | HP: 10/41 [hound (4)]
  3689 | D:5      | HP: 3/41 [gnoll/+0 spear (7)]
  3701 | D:5      | Reached skill level 4 in Summonings
  3701 | D:5      | HP: 10/41 [hound (3)]
  3948 | D:6      | Found Qyokotsa's General Store.
  4402 | D:6      | Reached skill level 5 in Summonings
  4518 | D:6      | Reached skill level 1 in Air Magic
  4518 | D:6      | Reached skill level 1 in Poison Magic
  4518 | D:6      | Gained mutation: A meltable icy envelope protects you from
                  | harm. (AC +4) [demonic ancestry]
  4518 | D:6      | Reached XP level 7. HP: 30/46 MP: 1/11
  4520 | D:6      | Reached skill level 2 in Air Magic
  4520 | D:6      | Reached skill level 2 in Poison Magic
  4886 | D:6      | HP: 3/46 [orc warrior/+0 trident of protection (15)]
  4929 | D:6      | Reached skill level 3 in Poison Magic
  5098 | D:6      | Reached skill level 3 in Air Magic
  5483 | D:4      | Noticed Sigmund
  5490 | D:4      | Killed Sigmund
  5491 | D:4      | Reached skill level 4 in Poison Magic
  5491 | D:4      | Reached XP level 8. HP: 52/52 MP: 3/12
  5530 | D:4      | Reached skill level 4 in Air Magic
  5585 | D:4      | Noticed Pargi
  5593 | D:4      | Killed Pargi
  6161 | D:3      | Found an iron altar of Okawaru.
  6751 | D:3      | Reached skill level 5 in Poison Magic
  6839 | D:3      | Learned a level 4 spell: Flame Wave
  7829 | D:5      | Reached skill level 5 in Air Magic
  7829 | D:5      | Reached skill level 1 in Translocations
  8027 | D:5      | Reached skill level 2 in Translocations
  8151 | D:5      | Found Kiothady's Jewellery Shop.
  8699 | D:7      | Noticed Maggie
  8715 | D:7      | Noticed a gargoyle
  8716 | D:7      | HP: 9/52 [Maggie/bolt of fire (31)]
  8720 | D:7      | Killed Maggie
  8721 | D:7      | Reached skill level 4 in Translocations
  8971 | D:7      | HP: 17/78 [gargoyle/stone arrow (10)]
  8974 | D:7      | HP: 3/78 [gargoyle/stone arrow (14)]
  8975 | D:7      | Mangled by a gargoyle

Illustrated notes

Levels and vault maps discovered:
D:1:      elethiomel_arrival_infinity_welcomes_careful_drivers,
          layout_loops_cross, chequers_ecumenical_altar_twisty
D:2:      minmay_door_path, layout_basic, basic_altar, uniq_jessica,
          uniq_terence
D:3:      cheibrodos_thug_alley, layout_loops_ring,
          mainiacjoe_overflow_brackets, minmay_statues_item,
          corexii_item_surrounded_by_moat, minivault_4,
          chequers_serial_rivers_micro_a
D:4:      layout_basic, kennysheep_mini_moat, minmay_cupped, uniq_sigmund,
          uniq_pargi
D:5:      layout_rooms, minmay_temple_entry_tees, serial_shops,
          nicolae_lakefront_shop, serial_bayou_pond_a
D:6:      layout_loops_ring, serial_shops, shop_coins
D:7:      layout_loops_ring, hangedman_decor_growths, uniq_maggie, uniq_joseph
Temple:   compressed_dpeg_circular_temple

Skill      XL: |  1  2  3  4  5  6  7  8 |
---------------+-------------------------+-----
Conjurations   | 2 3 4 5 |  5.0
Summonings     | 3 5 |  5.0
Air Magic      | 1 3 5 |  5.0
Poison Magic   | 1 4 5 |  5.0
Translocations | 4 |  4.5
Dodging        | |  1.7
Stealth        | |  1.7
Spellcasting   | |  3.0

Action                   |  1- 3 |  4- 6 |  7- 9 || total
-------------------------+-------+-------+-------++-------
Melee: Dagger            |    17 |    54 |    58 ||   129
       Punch             |       |     2 |     2 ||     4
       Staff             |       |       |    10 ||    10
 Cast: Magic Dart        |    52 |    66 |    28 ||   146
       Call Imp          |     1 |     4 |     3 ||     8
       Mephitic Cloud    |       |     7 |     5 ||    12
       Blink             |       |     2 |     2 ||     4
       Foxfire           |       |     4 |   122 ||   126
Evoke: Wand              |       |     2 |     5 ||     7
  Use: Potion            |       |     4 |     7 ||    11
 Stab: Paralysed         |     3 |    16 |    10 ||    29
       Sleeping          |       |       |     1 ||     1
Armor: Robe              |     4 |     5 |    11 ||    20
       Skin              |       |       |     8 ||     8
Dodge: Dodged            |    17 |    49 |    26 ||    92
Block: Other             |       |     8 |    17 ||    25

Table legend: (Time is in decaauts)
 A = Elapsed time spent in this place.
 B = Non-inter-level travel time spent in this place.
 C = Inter-level travel time spent in this place.
 D = Time resting spent in this place.
 E = Time spent auto-exploring this place.
 F = Levels seen in this place.
 G = Mean time per level.
                   A        B        C        D        E       F      G
               +--------+--------+--------+--------+--------+-----+--------+
         Total |   8989 |   8154 |    835 |   1889 |   5048 |   8 | 1123.6 |
       Dungeon |   8755 |   7934 |    821 |   1759 |   4999 |   7 | 1250.7 |
        Temple |    234 |    220 |     14 |    130 |     49 |   1 |  234.0 |
               +--------+--------+--------+--------+--------+-----+--------+

Top non-repeatable levels by time:
     D:2: 1676 daAuts
     D:3: 1667 daAuts
     D:6: 1639 daAuts
     D:4: 1346 daAuts
     D:1: 1178 daAuts
     D:5: 993 daAuts
     D:7: 254 daAuts
  Temple: 234 daAuts

Table legend:
 A = Kills in this place as a percentage of kills in entire the game.
 B = Kills by you in this place as a percentage of kills by you in the entire game.
 C = Kills by friends in this place as a percentage of kills by friends in the entire game.
 D = Other kills in this place as a percentage of other kills in the entire game.
 E = Experience gained in this place as a percentage of experience gained in the entire game.
 F = Experience gained in this place divided by the number of levels of this place that you have seen.
                   A       B       C       D       E      F
               +-------+-------+-------+-------+-------+----------------------
         Total | 100.0 | 100.0 | 100.0 | 100.0 | 100.0 | 339.1
       Dungeon |  97.6 |  97.4 | 100.0 | 100.0 |  99.0 | 383.7
        Temple |   2.4 |   2.6 |   0.0 |   0.0 |   1.0 |  27.0
               +-------+-------+-------+-------+-------+----------------------
